Selects Airborne Battlegroup
Selects Heavy Machine Gun Paradrop
Heavy Machine Gun Paradrop
Construct Weapon Support Center
Heavy Machine Gun Paradrop
Selects Paratrooper Squad Paradrop
Heavy Machine Gun Paradrop
Selects Smoke Bombing Run
Heavy Machine Gun Paradrop
Selects Anti-tank Gun Team Paradrop
Heavy Machine Gun Paradrop
M4(105) Sherman Bulldozer
Heavy Machine Gun Paradrop
M18 Hellcat Tank Destroyer
Selects Dual P-47 Rocket Strike
Selects Dual P-47 Rocket Strike
Heavy Machine Gun Paradrop
Paratrooper Squad Paradrop
M4(105) Sherman Bulldozer